 Dungeon Crawl Stone Soup version 0.26-a0-602-gd42a14c23b (webtiles) character file.

Game seed: 12322964087242017204

55 ANON1729 the Sneak (level 3, 0/26 HPs)
             Began as an Octopode Delver on Aug 30, 2020.
             Slain by Grinder (5 damage)
             ... on level 3 of the Dungeon.
             The game lasted 00:02:34 (1192 turns).

ANON1729 the Sneak (Octopode Delver)                Turns: 1192, Time: 00:02:34

Health: 0/26       AC:  1    Str: 12    XL:     3   Next: 93%
Magic:  3/3        EV: 14    Int: 12    God:
Gold:   25         SH:  0    Dex: 13    Spells: 2/2 levels left

rFire    . . .     SeeInvis .     - Unarmed
rCold    . . .     Faith    .   (no shield)
rNeg     . . .     Spirit   .   (helmet restricted)
rPois    .         Reflect  .   (no amulet)
rElec    .         Harm     .   (no ring)
rCorr    .                      (no ring)
MR       .....                  (no ring)
Stlth    ++++......             (no ring)
HPRegen  0.08/turn              (no ring)
MPRegen  0.08/turn              (no ring)
                                (no ring)
                                (no ring)

@: no status effects
A: almost no armour, stealthy swim, amphibious, 8 rings, constrict 8, camouflage
1, gelatinous body 1
a: no special abilities


You were on level 3 of the Dungeon.
You visited 1 branch of the dungeon, and saw 3 of its levels.

You collected 25 gold pieces.

Inventory:

Wands
 e - a wand of digging (3)
Scrolls
 a - a scroll of fog
 b - 2 scrolls of magic mapping
 c - a scroll of fear
 f - a scroll of random uselessness {unknown}
 g - a scroll of immolation {unknown}
 h - a scroll of amnesia {unknown}
Potions
 d - 2 potions of haste
 i - a potion of flight {unknown}


   Skills:
 + Level 3.4 Fighting
 + Level 1.2 Throwing
 + Level 2.5 Dodging
 + Level 7.0 Stealth
 + Level 2.5 Unarmed Combat


You had 2 spell levels left.
You didn't know any spells.
Your spell library was empty.

Dungeon Overview and Level Annotations

Branches:
Dungeon (5/15)
 Temple: D:4-7

Altars:
Elyvilon

Annotations:
D:3 Grinder
D:5 exclusion: centaur


Innate Abilities, Weirdness & Mutations

You cannot wear most types of armour.
You are very stealthy in the water. (Stealth+)
You are amphibious.
You can wear up to eight rings at the same time.
You can use your tentacles to constrict eight enemies at once.
Your skin changes colour to match your surroundings (Stealth+).
Your rubbery body absorbs attacks. (AC +1, EV +1)


Message History

The helpless Grinder fails to defend herself.
You tentacle-slap Grinder but do no damage.
You grab Grinder.
You constrict Grinder, but do no damage.
Grinder says, "There's only one good use for a tongue: cutting it out."
Grinder barely misses you.
You tentacle-slap Grinder.
Grinder is lightly wounded.
You constrict Grinder.
Grinder blinks free!
The helpless adder fails to defend itself.
You tentacle-slap the adder. You grab the adder.
The adder is heavily wounded.
You constrict the adder. The adder closely misses you. Grinder hits you!
You writhe in agony.
You barely miss the adder.
The adder is heavily wounded.
You constrict the adder. The adder closely misses you. Grinder hits you!
* * * LOW HITPOINT WARNING * * *
You writhe in agony.
You die...

#.#....###......#.#
#.#.............#.#
#.#....###.........
#.#....########...<
#.#....#.....##.#.#
#.###..#.###.##.#.#
######......#.#...##.#).
#.......5##.#.#.####.###
#>.....@.+..#..........#
..........S######.####.#.#
..$.........$. #......#..
.#............# #.........
#............# ##........
#............# #........
....#####....# #........
.... ##### #.#......
#.#.#####


You could see Grinder and an adder.

Vanquished Creatures
  2 adders (D:3)
  3 worms (D:3)
  3 giant cockroaches
  A goblin (D:3)
  3 hobgoblins (D:3)
  4 jackals (D:3)
  2 quokkas (D:3)
  2 bats (D:3)
  3 frilled lizards (D:3)
  3 kobolds (D:3)
  3 rats (D:3)
29 creatures vanquished.

Notes
Turn   | Place    | Note
-------+----------+-------------------------------------------
     0 | D:5      | ANON1729 the Octopode Delver began the quest for the Orb.
     0 | D:5      | Reached XP level 1. HP: 16/16 MP: 1/1
    10 | D:5      | Noticed a centaur
    34 | D:5      | Found a white marble altar of Elyvilon.
    50 | D:5      | Noticed a hound
    53 | D:5      | Noticed a phantom
   161 | D:4      | Noticed an orc wizard
   224 | D:3      | Reached XP level 2. HP: 21/21 MP: 2/2
   403 | D:3      | Reached XP level 3. HP: 18/26 MP: 3/3
   406 | D:3      | Reached skill level 1 in Throwing
  1149 | D:3      | Reached skill level 7 in Stealth
  1184 | D:3      | Noticed Grinder
  1192 | D:3      | Slain by Grinder

Illustrated notes

Levels and vault maps discovered:
D:3:      minmay_chambers_of_threes, layout_basic, lemuel_crystal_altar,
          minmay_unequal, uniq_grinder
D:4:      layout_layer_cave, uniq_edmund, uniq_menkaure, uniq_crazy_yiuf_cottage
D:5:      layout_loops_corners, marbit_many_paths, basic_altar,
          grunt_ministairs_9

Skill      XL: |  1  2  3 |
---------------+----------+-----
Throwing       | 1 |  1.2
Stealth        | 7 |  7.0
Fighting       | |  3.4
Dodging        | |  2.5
Unarmed Combat | |  2.5

Action                   || total
-------------------------++-------
Melee: Unarmed           ||    88
       Constrict         ||    22
       Tentacles         ||     9
       Punch             ||     1
 Stab: Sleeping          ||     8
       Distracted        ||     1
Armor: Skin              ||     5
Dodge: Dodged            ||    53

Table legend: (Time is in decaauts)
 A = Elapsed time spent in this place.
 B = Non-inter-level travel time spent in this place.
 C = Inter-level travel time spent in this place.
 D = Time resting spent in this place.
 E = Time spent auto-exploring this place.
 F = Levels seen in this place.
 G = Mean time per level.
                   A        B        C        D        E       F      G
               +--------+--------+--------+--------+--------+-----+--------+
         Total |   1187 |   1156 |     31 |    449 |    417 |   3 |  395.7 |
       Dungeon |   1187 |   1156 |     31 |    449 |    417 |   3 |  395.7 |
               +--------+--------+--------+--------+--------+-----+--------+

Top non-repeatable levels by time:
     D:3: 1012 daAuts
     D:5: 133 daAuts
     D:4: 41 daAuts
